 Dungeon Crawl Stone Soup version 0.29.0-11-gd7f09526c8 (webtiles) character file.

Game seed: 7486586436571483120

4221 quinnr the Destroyer (level 10, -5/53 HPs)
             Began as a Tengu Conjurer on Sept 2, 2022.
             Was a Believer of Vehumet.
             Shot with a bolt by an orc warrior (19 damage)
             ... on level 9 of the Dungeon.
             The game lasted 00:24:42 (9996 turns).

quinnr the Destroyer (Tengu Conjurer)               Turns: 9996, Time: 00:24:43

Health: -5/53      AC:  3    Str:  8    XL:     10   Next: 30%
Magic:  14/25      EV: 18    Int: 23    God:    Vehumet [**....]
Gold:   473        SH:  0    Dex: 12    Spells: 2/16 levels left

rFire   + . .      SeeInvis +   i - staff of conjuration {!a}
rCold   + . .      Faith    .   (no shield)
rNeg    . . .      Spirit   .   a - +0 robe
rPois   .          Reflect  .   (helmet restricted)
rElec   .          Harm     .   G - scarf {rC+ rF+}
rCorr   .          Rampage  .   y - +0 pair of gloves
Will    .....                   (boots unavailable)
Stlth   +.........              p - amulet "Ucsao" {RegenMP Regen+}
HPRegen 0.97/turn               M - ring of magical power
MPRegen 0.59/turn               v - ring of see invisible

@: confused, flying quickly and evasively, quick
A: beak, talons 3, nimble flight
a: Renounce Religion


You were on level 9 of the Dungeon.
You worshipped Vehumet.
Vehumet was pleased with you.
You visited 2 branches of the dungeon, and saw 10 of its levels.

You collected 515 gold pieces.
You spent 42 gold pieces at shops.


Innate Abilities, Weirdness & Mutations

You have a beak for a mouth.
You have claws for feet.
Your magical nature lets you fly swiftly and evasively.


   Skills:
 - Level 2.0 Fighting
 + Level 8.1 Dodging
 - Level 3.0 Stealth
 + Level 3.8 Spellcasting
 + Level 14.3 Conjurations
 - Level 4.0 Hexes
 + Level 1.1 Translocations


You had 2 spell levels left.
You knew the following spells:

 Your Spells              Type           Power      Damage    Failure   Level
d - Dazzling Flash        Conj/Hex       100%       N/A       1%          3
f - Fulminant Prism       Conj/Hex       31%        3d16      2%          4
m - Magic Dart            Conj           100%       1d8       1%          1
s - Searing Ray           Conj           100%       2d8       1%          2
X - Iskenderun's Mystic   Conj/Tloc      56%        2d12      4%          4

Your spell library contained the following spells:

 Spells                   Type           Power      Damage    Failure   Level
 Scorch                   Fire           8%         2d5       16%         2
 Summon Small Mammal      Summ           16%        N/A       11%         1
 Summon Guardian Golem    Hex/Summ       13%        N/A       14%         3
 Call Canine Familiar     Summ           4%         N/A       32%         3
 Passage of Golubria      Tloc           9%         N/A       54%         4
 Silence                  Hex/Air        6%         N/A       78%         5
 Lehudib's Crystal Spear  Conj/Erth      27%        10d7      100%        8

Inventory:

Hand Weapons
 F - a +4 falchion of freezing
Missiles
 h - 7 boomerangs
 u - a throwing net {=f}
 H - 3 poisoned darts
Armour
 a - a +0 robe (worn)
 s - an orb of wrath
 y - a +0 pair of gloves (worn)
 G - a scarf of resistance (worn)
Magical Staves
 i - a staff of conjuration (weapon) {!a}
Jewellery
 p - the amulet "Ucsao" (around neck) {RegenMP Regen+}
   (You acquired it on level 7 of the Dungeon)

   [amulet of magic regeneration]

   It increases your rate of magic regeneration.
   Regen:     It increases your rate of health regeneration.
 v - a ring of see invisible (right hand)
 E - an amulet of the acrobat
 M - a ring of magical power (left hand)
Wands
 n - a wand of roots (11)
 w - a wand of flame (19)
 x - a wand of polymorph (6)
Scrolls
 c - 2 scrolls of butterflies {unknown}
 f - a scroll of enchant weapon {unknown}
 k - 8 scrolls of teleportation {@r2}
 l - 2 scrolls of amnesia
 m - a scroll of blinking {unknown}
 o - a scroll of summoning {unknown}
 A - a scroll of silence {unknown}
 B - 2 scrolls of immolation {unknown}
 C - a scroll of magic mapping {unknown}
 D - a scroll of noise {unknown}
 J - a scroll of fear {unknown}
Potions
 b - 2 potions of magic
 d - 4 potions of heal wounds {@q2}
 e - 5 potions of curing {@q1}
 g - 3 potions of brilliance
 j - 3 potions of berserk rage {!q}
 q - a potion of lignification
 r - 2 potions of haste {@q3}
 t - 3 potions of flight
 z - a potion of attraction
 I - 2 potions of cancellation {unknown}

Dungeon Overview and Level Annotations

Branches:
Dungeon (9/15)             Temple (1/1) D:6
   Lair: D:8-11         Orc: D:9-12

Altars:
Dithmenos
Elyvilon
Fedhas
Hepliaklqana
Nemelex Xobeh
Ru
Sif Muna
Vehumet
Yredelemnul
Zin

Shops:
D:2 [ D:3

! ##......#.#..
###...##..### .
###.#.)####..#
#......# ...##
###.#.)###....##
###...#.......
##.).#.....#
##..........#
#..@.o......#.
##............# .
##..o..##....# #.
###.o####...####..
#.#o)##...#....
###.).##.#...##.
#....))>.....>.#
#..##.)........#
#.####.....##.#


You could see 2 orc warriors and 2 orc wizards.


Message History

Confirm with . or Enter, or press ? or * to list all spells.
Aiming: Searing Ray (safe; 1% risk of failure)
Press: ? - help, Shift-Dir - straight line, f - wyvern
Aim: a wyvern (severely wounded, 83% to hit)
You feel a surge of power!
The searing ray hits the wyvern!
The wyvern is almost dead.
The searing ray hits the orc warrior!
The orc warrior is moderately wounded. (Press . to maintain the ray.)
The wyvern bites you!
* * * LOW HITPOINT WARNING * * *
The wyvern misses you.
Unknown command.
The searing ray hits the wyvern!
You kill the wyvern!
Vehumet accepts your kill.
You feel your power returning.
The searing ray hits the orc warrior!
The orc warrior is severely wounded.
The orc warrior unwields a +0 dire flail.
The orc warrior wields a +0 arbalest.
The orc warrior shoots a bolt.
The bolt misses you.
Your Translocations skill increases to level 1!
The searing ray hits the orc warrior.
The orc warrior is severely wounded.
The orc wizard is no longer blind.
The orc wizard points at you and mumbles some strange words.
You are confused.
The orc warrior shouts!
The orc warrior shoots a bolt.
The bolt hits you!!
You die...

Skill      XL: |  1  2  3  4  5  6  7  8  9 10 |
---------------+-------------------------------+-----
Conjurations   | 6 7 8 9 10 13 14 | 14.3
Dodging        | 3 4 5 6 7 8 |  8.1
Stealth        | 3 |  3.0
Hexes          | 1 2 3 4 |  4.0
Fighting       | 2 |  2.0
Spellcasting   | 3 |  3.8
Translocations | 1 |  1.1

Action                   |  1- 3 |  4- 6 |  7- 9 | 10-12 || total
-------------------------+-------+-------+-------+-------++-------
Melee: Unarmed           |     3 |       |       |       ||     3
 Cast: Magic Dart        |    82 |    57 |   155 |    30 ||   324
       Searing Ray       |     2 |    13 |    58 |    19 ||    92
       Dazzling Flash    |       |       |     4 |     6 ||    10
       Fulminant Prism   |       |       |     1 |     1 ||     2
  Use: Scroll            |     2 |     1 |     7 |     1 ||    11
Armor: Robe              |     4 |     1 |     7 |     2 ||    14
Dodge: Dodged            |    15 |     6 |    59 |    50 ||   130

Levels and vault maps discovered:
D:1:      wander_arrival_estate, layout_rooms, chequers_ecumenical_altar_island,
          st_stairs_9, minmay_worlds_worst_comb
D:2:      minmay_diamond_boxcup, layout_loops_ring, serial_shops, shop,
          basic_altar, minivault_23, minmay_tromino_v7
D:3:      layout_basic, serial_shops, shop
D:4:      layout_cave_pools, uniq_ijyb
D:5:      layout_rooms, serial_bayou_ford_a
D:6:      layout_rooms, grunt_temple_overflow_open,
          minmay_temple_entry_glassed_door
D:7:      layout_loops_cross, uniq_pikel
D:8:      layout_cave_pools, serial_co_window_serial, co_window_corner_a,
          co_window_of_opportunity_a, co_window_paths_b, co_window_paths_b,
          co_window_paths_b, co_window_of_opportunity_b, co_window_corner_cb,
          co_window_2corner, glass_columns_a, glass_columns_a, glass_columns_b,
          glass_columns_a, glass_columns_b, small_statue_intersection
D:9:      layout_cave_pools, gammafunk_ghost_abyssal_escape, chequers_arboretum
Temple:   hc_temple_tempest_star

Notes
Turn   | Place    | Note
-------+----------+-------------------------------------------
     0 | D:1      | quinnr the Tengu Conjurer began the quest for the Orb.
     0 | D:1      | Reached XP level 1. HP: 10/10 MP: 4/4
   286 | D:1      | Reached XP level 2. HP: 15/15 MP: 1/6
   440 | D:1      | Reached skill level 6 in Conjurations
   475 | D:1      | Learned a level 2 spell: Searing Ray
   776 | D:1      | Found a faded altar of an unknown god.
   873 | D:1      | Reached XP level 3. HP: 19/19 MP: 7/7
  1513 | D:2      | Found a sacrificial altar of Ru.
  1654 | D:2      | Found Hefuem's Armour Boutique.
  1997 | D:2      | Reached XP level 4. HP: 24/24 MP: 8/8
  1998 | D:2      | Reached skill level 3 in Dodging
  2202 | D:3      | Reached skill level 3 in Stealth
  2340 | D:3      | Reached skill level 7 in Conjurations
  2455 | D:3      | Found Kootzuuh's Distillery.
  2470 | D:3      | Bought a potion of curing for 42 gold pieces
  2526 | D:3      | Gained mutation: Your magical nature lets you fly swiftly
                  | and evasively. [Tengu growth]
  2526 | D:3      | Reached XP level 5. HP: 28/28 MP: 9/9
  2531 | D:3      | Learned a level 4 spell: Fulminant Prism
  3430 | D:4      | Noticed Ijyb
  3524 | D:5      | Entered Level 5 of the Dungeon
  3548 | D:5      | Noticed a centaur
  3549 | D:5      | Noticed a water moccasin
  3552 | D:5      | Killed a centaur
  3553 | D:5      | Reached skill level 1 in Hexes
  3553 | D:5      | Reached XP level 6. HP: 13/32 MP: 10/10
  3554 | D:5      | Killed a water moccasin
  3555 | D:5      | Reached skill level 4 in Dodging
  3555 | D:5      | Reached skill level 8 in Conjurations
  4033 | D:5      | Reached skill level 2 in Hexes
  4033 | D:5      | Reached XP level 7. HP: 36/36 MP: 11/11
  4398 | D:5      | Reached skill level 5 in Dodging
  4701 | D:4      | Killed Ijyb
  5187 | D:4      | Reached skill level 9 in Conjurations
  5387 | D:4      | Reached skill level 3 in Hexes
  5577 | D:4      | Reached XP level 8. HP: 41/41 MP: 12/12
  5972 | D:6      | Found a white marble altar of Elyvilon.
  5972 | D:6      | Found a hazy altar of Hepliaklqana.
  5972 | D:6      | Found a blossoming altar of Fedhas.
  5972 | D:6      | Found a shimmering blue altar of Sif Muna.
  6000 | D:5      | Learned a level 3 spell: Dazzling Flash
  6126 | D:6      | Found a staircase to the Ecumenical Temple.
  6138 | Temple   | Entered the Ecumenical Temple
  6197 | Temple   | Became a worshipper of Vehumet
  6303 | D:6      | Reached skill level 10 in Conjurations
  6404 | D:6      | Reached skill level 1 in Fighting
  6405 | D:6      | Reached skill level 4 in Hexes
  7012 | D:6      | Reached skill level 2 in Fighting
  7216 | D:7      | Reached skill level 6 in Dodging
  7254 | D:7      | Identified the +1 leather armour of Xom's Regard {-Tele
                  | rPois Int+8 Stlth+}
  7316 | D:6      | Reached XP level 9. HP: 38/48 MP: 9/13
  7397 | D:6      | Reached skill level 11 in Conjurations
  7875 | D:7      | Reached * piety under Vehumet
  7875 | D:7      | Offered knowledge of Sandblast by Vehumet.
  7876 | D:7      | Reached skill level 7 in Dodging
  8342 | D:7      | Reached skill level 12 in Conjurations
  8623 | D:7      | Noticed Pikel
  8631 | D:7      | Killed Pikel
  8632 | D:7      | Reached skill level 13 in Conjurations
  8761 | D:7      | Identified a scroll of acquirement
  8763 | D:7      | Acquired the amulet "Ucsao" {RegenMP Regen+}
  9112 | D:8      | Offered knowledge of Scorch by Vehumet.
  9136 | D:8      | Reached ** piety under Vehumet
  9137 | D:8      | Reached XP level 10. HP: 53/53 MP: 15/15
  9146 | D:8      | Reached skill level 3 in Spellcasting
  9147 | D:8      | Reached skill level 14 in Conjurations
  9289 | D:8      | Identified a scarf of resistance
  9556 | D:8      | Learned a level 4 spell: Iskenderun's Mystic Blast
  9886 | D:9      | Acquired a book of the Moon
  9979 | D:9      | Reached skill level 8 in Dodging
  9995 | D:9      | Reached skill level 1 in Translocations
  9996 | D:9      | Shot with a bolt by an orc warrior

Vanquished Creatures
  Pikel (D:7)
  2 wyverns
  A water moccasin (D:5)
  3 ice beasts (D:7)
  An orc warrior (D:8)
  3 ogres
  A lemure (D:7)
  5 centaurs
  A bullfrog (D:8)
  4 scorpions
  10 wights
  8 killer bees (D:8)
  3 howler monkeys
  3 hounds
  3 jellies
  5 orc priests
  10 orc wizards
  Ijyb (D:4)
  4 iguanas
  6 adders
  10 gnolls
  2 shadow imps (D:6)
  4 worms
  3 dart slugs
  40 orcs
  4 bats
  8 endoplasms
  6 giant cockroaches
  6 goblins
  4 hobgoblins
  6 jackals
  3 quokkas
  7 ball pythons
  8 kobolds
  9 rats
195 creatures vanquished.

Vanquished Creatures (others)
  2 fulminant prisms
2 creatures vanquished.

Grand Total: 197 creatures vanquished

Table legend: (Time is in decaauts)
 A = Elapsed time spent in this place.
 B = Non-inter-level travel time spent in this place.
 C = Inter-level travel time spent in this place.
 D = Time resting spent in this place.
 E = Time spent auto-exploring this place.
 F = Levels seen in this place.
 G = Mean time per level.
                   A        B        C        D        E       F      G
               +--------+--------+--------+--------+--------+-----+--------+
         Total |   9621 |   9294 |    327 |   1362 |   6305 |  10 |  962.1 |
       Dungeon |   9548 |   9240 |    308 |   1362 |   6270 |   9 | 1060.9 |
        Temple |     72 |     53 |     19 |      0 |     35 |   1 |   72.0 |
               +--------+--------+--------+--------+--------+-----+--------+

Top non-repeatable levels by time:
     D:7: 1521 daAuts
     D:3: 1360 daAuts
     D:6: 1221 daAuts
     D:5: 1200 daAuts
     D:1: 1150 daAuts
     D:4: 1145 daAuts
     D:2: 948 daAuts
     D:8: 812 daAuts
     D:9: 187 daAuts
  Temple: 72 daAuts

Table legend:
 A = Non-vault XP
 B = Vault XP
 C = Vault XP percentage of total XP
 D = Non-vault monster count
 E = Vault monster count
 F = Vault count percentage of total count
                 A         B        C        D         E       F
            +---------+---------+-------+---------+---------+-------
      Total |    5290 |     740 |  12.3 |     176 |      18 |   9.3
            +---------+---------+-------+---------+---------+-------
        D:1 |      28 |      12 |  30.0 |      18 |       6 |  25.0
        D:2 |      26 |      19 |  42.2 |       8 |      10 |  55.6
        D:3 |     159 |       0 |   0.0 |      25 |       0 |   0.0
        D:4 |     299 |      36 |  10.7 |      29 |       1 |   3.3
        D:5 |     740 |       0 |   0.0 |      14 |       0 |   0.0
        D:6 |     948 |       0 |   0.0 |      20 |       0 |   0.0
        D:7 |    1227 |     673 |  35.4 |      20 |       1 |   4.8
        D:8 |    1178 |       0 |   0.0 |      25 |       0 |   0.0
        D:9 |     685 |       0 |   0.0 |      17 |       0 |   0.0
            +---------+---------+-------+---------+---------+-------
